 Dungeon Sprint DCSS version 0.31-a0-75-g6fe912e8c5 (webtiles) character file.

Game seed: 18152492090763638532

20511 sircluck the Wrestler (level 12, -4/119 HPs)
             Began as a Troll Berserker on May 23, 2023.
             Was a High Priest of Trog.
             Slain by a wyvern (17 damage)
             ... in the Dungeon (Sprint II: "The Violet Keep of Menkaure").
             The game lasted 00:08:14 (1413 turns).

sircluck the Wrestler (Troll Berserker)             Turns: 1413, Time: 00:08:15

Health: -4/119     AC:  7    Str: 38    XL:     12   Next: 46%
Magic:  11/11      EV:  8    Int:  1    God:    Trog [*****.]
Gold:   566        SH:  0    Dex:  9    Spells: 11/11 levels left

rFire   + .          .
                       - Unarmed
rCold   + . .        (no shield)
rNeg    . . .        b - +0 gold dragon scales
rPois   +            m - +0 mask of the Dragon {Will+ Slay+3 SInv}
rElec   .            (no cloak)
rCorr   .            (gloves unavailable)
SInv    +            (boots unavailable)
Will    +....        (no amulet) Stlth
                     i - ring of flight
HPRegen 1.19/turn    c - +6 ring of strength
MPRegen 0.12/turn

%: no teleportation, random rage (3%)
@: corroded, flying
A: large, unfitting armour, claws 3, regeneration 1, shaggy fur 1, tough skin 1,
berserk 1, deformed body, dopey 1, frail 1
a: Renounce Religion, Berserk, Trog's Hand, Brothers in Arms


You were in the Dungeon.
You worshipped Trog.
Trog was extremely pleased with you.
You visited 1 branch You collected 1620 gold pieces.
You spent 1054 gold pieces at shops.

Inventory:

Missiles
 h - 13 stones (quivered)
Armour
 a - a +0 animal skin
 b - +0 gold dragon scales (worn)
 l - +0 ice dragon scales
 m - the +0 mask of the Dragon (worn) {Will+ Slay+3 SInv}
   (You bought it in a shop in the Dungeon)

   Slay:      It affects your accuracy & damage with ranged weapons and melee
   (+3).
   SInv:      It lets you see invisible.
   Will:      It increases your willpower.
 o - +0 storm dragon scales
Jewellery
 c - a +6 ring of strength (right claw)
 i - a ring of flight (left claw)
 j - the ring of Qaeteaq {rCorr Slay+2}
   (You bought it in a shop in the Dungeon)

   [ring of resist corrosion]

   Slay:      It affects your accuracy & damage with ranged weapons and melee
   (+2).
   rCorr:     It protects you from acid and corrosion.
Scrolls
 d - 2 scrolls of silence {unknown}
 n - 3 scrolls of acquirement {unknown}
Potions
 e - 2 potions of magic
 f - a potion of berserk rage
 g - a potion of curing
 k - 2 potions of enlightenment


   Skills:
 + Level 12.5 Fighting
 + Level 6.4 Armour
 + Level 13.6 Dodging
 + Level 1.6 Stealth
 + Level 23.2 Unarmed Combat


You had 11 spell levels left.
You didn't know any spells.
Your spell library was empty.

Dungeon Overview and Level Annotations

Branches:
Dungeon (1/1)

Altars:
Hepliaklqana
Qazlal
Ru
Sif Muna
Wu Jian
Xom
Yredelemnul
The Shining One
Jiyva

Shops:
D (!*[:(?[?**(:(((![[[[*=!![=*?([

Annotations:
D exclusion: oklob plant, Lernaean hydra


Innate Abilities, Weirdness & Mutations

You are too large for most types of armour.
You have claws for hands.
Your natural rate of healing is unusually fast.
You are covered in fur. (AC +1)
You have tough skin. (AC +1)
You sometimes lose your temper in combat.
Armour fits poorly on your strangely shaped body.
You are dopey. (Int -2)
You are frail. (-10% HP)


Message History

No reachable target in view!
No reachable target in view!
No reachable target in view!
No reachable target in view!
No reachable target in view!
No reachable target in view!
No reachable target in view!
No reachable target in view!
No reachable target in view!
Unknown command.
No reachable target in view!
The manticore bites you!
The manticore claws you but does no damage.
The manticore claws you. The manticore bites you.
The manticore claws you but does no damage.
The manticore claws you.
There is an open door, spattered with blood here.
You see here a manticore corpse.
You eviscerate the manticore!!!
You kill the manticore!
Trog accepts your kill. The manticore bites you! The manticore claws you!
The manticore claws you but does no damage.
The oklob plant spits acid at you. The splash of acid hits you!!
The acid corrodes you!
You closely miss the wyvern. You barely miss the wyvern. The wyvern bites you.
The manticore barely misses you. The manticore claws you.
The manticore claws you but does no damage.
You mangle the wyvern!!
The wyvern is almost dead.
The wyvern bites you!
* * * LOW HITPOINT WARNING * * *
The manticore bites you.
* * * LOW HITPOINT WARNING * * *
The manticore closely misses you. The manticore claws you!
* * * LOW HITPOINT WARNING * * *
The wyvern attacks as you move away! The wyvern misses you.
The wyvern bites you!
You die...

##...∩.∩..#~~~~#..#..#.
##..∩.∩.∩.#~~####.).###
##.∩.∩.∩..#~##)###'###.
##∩.∩...∩.#)#†.###.##..
##.∩.....∩'~)##.'.<.'.#
##∩.......#~#..###.##.#
#▓▓▓▓▓▓▓###~##.###'###.
##[..######~~####†#†###
#[$.#@.'.##~~~#)###.#~
#∩P$l).#+##'#~##.#.##~
#:.H#.##≈##.#~~##+##~§
#|.$###§§≈####~~~~~~§§
##+###§§§≈≈# #+++#'§§#
.o##§≈§≈≈###§≈§§§§≈#
+###☼≈≈≈≈##§≈§§§§§§§
!9#+≈≈°§°+≈§§§§§§≈§≈
#+###§§§○§##§§§§≈§≈≈≈


You could see an oklob plant, a manticore and a wyvern.

Vanquished Creatures
  A golden dragon (D)
  Kirke (D)
  A storm dragon (D)
  Roxanne (D)
  A fire dragon (D)
  An ice dragon (D)
  A yaktaur captain (D)
  A deep elf high priest (D)
  A centaur warrior (D)
  A skeletal warrior (D)
  An orange crystal statue (D)
  3 shining eyes (D)
  2 manticores (D)
  A merfolk siren (D)
  An elephant (D)
  2 cane toads (D)
  A kobold demonologist (D)
  2 polar bears (D)
  4 wyverns (D)
  4 neqoxecs (D)
  Menkaure (D)
  4 water moccasins (D)
  A necrophage (D)
  5 scorpions (D)
  4 lava snakes (D)
  An iron imp (D)
47 creatures vanquished.

Vanquished Creatures (collateral kills)
  A golden dragon (D)
  A bone dragon (D)
  A storm dragon (D)
  A frost giant (D)
  A cacodemon (D)
5 creatures vanquished.

Grand Total: 52 creatures vanquished

Notes
Turn   | Place    | Note
-------+----------+-------------------------------------------
     0 | D        | sircluck the Troll Berserker began the quest for the Orb.
     0 | D        | Reached XP level 1. HP: 22/22 MP: 0/0
     1 | D        | Noticed a merfolk siren
     9 | D        | Killed a merfolk siren
    10 | D        | Reached skill level 8 in Unarmed Combat
    10 | D        | Reached XP level 2. HP: 23/40 MP: 1/1
    10 | D        | Reached XP level 3. HP: 26/46 MP: 2/2
    10 | D        | Reached XP level 4. HP: 32/55 MP: 3/3
    10 | D        | Reached XP level 5. HP: 36/62 MP: 4/4
    10 | D        | Reached XP level 6. HP: 41/71 MP: 5/5
    16 | D        | Noticed Roxanne
    18 | D        | Noticed Menkaure
    20 | D        | Killed Menkaure
    20 | D        | Reached ** piety under Trog
    21 | D        | Reached skill level 9 in Unarmed Combat
    21 | D        | Found Kinogako's Jewellery Emporium.
    22 | D        | Found Wexi's Distillery.
    22 | D        | Found Wivozais's Antique Armour Shoppe.
    24 | D        | Found Oxeschit's Jewellery Shoppe.
    24 | D        | Found Mydar's Distillery.
    26 | D        | Found Inkyos's Antique Armour Shoppe.
    28 | D        | Found Wib Himaf's Weapon Emporium.
    28 | D        | Found Nuenn's Distillery.
    30 | D        | Found Lonlyggi's Antique Weapon Emporium.
    30 | D        | Found Zuxuts's Book Shoppe.
    30 | D        | Noticed a wyvern
    30 | D        | Noticed a wyvern
    46 | D        | Noticed an orange crystal statue
    48 | D        | Noticed a water moccasin
    51 | D        | Killed a water moccasin
    66 | D        | Noticed a neqoxec
    72 | D        | Noticed a neqoxec
    73 | D        | Killed a neqoxec
    74 | D        | Reached XP level 7. HP: 54/80 MP: 6/6
    76 | D        | Killed a neqoxec
    76 | D        | Reached *** piety under Trog
    77 | D        | Reached skill level 10 in Unarmed Combat
    78 | D        | Noticed a neqoxec
    78 | D        | Noticed a neqoxec
    80 | D        | Killed a neqoxec
    84 | D        | Killed a neqoxec
    85 | D        | Reached XP level 8. HP: 37/92 MP: 7/7
   103 | D        | Reached **** piety under Trog
   104 | D        | Reached skill level 11 in Unarmed Combat
   156 | D        | Reached ***** piety under Trog
   157 | D        | Reached skill level 12 in Unarmed Combat
   206 | D        | Found Zuath's Magic Scroll Shoppe.
   206 | D        | Found Sadghazxa's Antique Armour Emporium.
   206 | D        | Noticed an oklob plant
   207 | D        | Found Adeffato's Antique Armour Shoppe.
   207 | D        | Found Aloukia's Assorted Antiques.
   207 | D        | Found Renu's Book Shoppe.
   208 | D        | Noticed a manticore
   208 | D        | Noticed a manticore
   209 | D        | Noticed a manticore
   211 | D        | Noticed a cane toad
   211 | D        | Noticed a cane toad
   261 | D        | Bought a ring of flight for 227 gold pieces
   261 | D        | Bought the ring of Qaeteaq {rCorr Slay+2} for 460 gold
                  | pieces
   272 | D        | Noticed a centaur warrior
   272 | D        | Noticed Kirke
   272 | D        | Noticed a skeletal warrior
   296 | D        | Killed a centaur warrior
   297 | D        | Reached skill level 10 in Fighting
   297 | D        | Reached skill level 10 in Dodging
   297 | D        | Reached skill level 13 in Unarmed Combat
   297 | D        | Reached XP level 9. HP: 64/101 MP: 8/8
   311 | D        | Killed Kirke
   312 | D        | Reached skill level 14 in Unarmed Combat
   313 | D        | Killed a skeletal warrior
   314 | D        | Reached skill level 15 in Unarmed Combat
   361 | D        | Noticed a fire dragon
   361 | D        | Noticed an elephant
   376 | D        | Killed an elephant
   376 | D        | Received a gift from Trog
   377 | D        | Reached XP level 10. HP: 54/111 MP: 9/9
   380 | D        | Killed a fire dragon
   381 | D        | Reached skill level 16 in Unarmed Combat
   412 | D        | Noticed a yaktaur captain
   424 | D        | Killed a yaktaur captain
   430 | D        | Reached skill level 17 in Unarmed Combat
   578 | D        | Killed Roxanne
   633 | D        | Received a gift from Trog
   634 | D        | Reached skill level 18 in Unarmed Combat
   636 | D        | Reached ****** piety under Trog
   644 | D        | Noticed a shining eye
   644 | D        | Noticed an ice dragon
   644 | D        | Noticed a shining eye
   644 | D        | Noticed a shining eye
   655 | D        | Killed an ice dragon
   655 | D        | Gained mutation: Armour fits poorly on your strangely
                  | shaped body. [a shining eye]
   656 | D        | Reached XP level 11. HP: 57/120 MP: 10/10
   660 | D        | Killed a shining eye
   661 | D        | Reached skill level 19 in Unarmed Combat
   662 | D        | Killed a shining eye
   667 | D        | Killed a shining eye
   668 | D        | Reached skill level 1 in Stealth
   701 | D        | Found Xagh's Weapon Emporium.
   701 | D        | Found Gibuy's Antique Weapon Shop.
   701 | D        | Found Woig's Distillery.
   701 | D        | Found Riet's Magic Scroll Shoppe.
   701 | D        | Found Dufarul's Assorted Antiques.
   702 | D        | Found Mucutivi's Assorted Antiques.
   702 | D        | Found Duch's Antique Weapon Boutique.
   702 | D        | Found Luna Nei's Antique Armour Emporium.
   702 | D        | Found Ceyfo's Armour Shop.
   702 | D        | Found Liegg's Antique Weapon Emporium.
   702 | D        | Found Pimesux's Armour Shop.
   702 | D        | Found Remn's General Store.
   762 | D        | Bought the +0 mask of the Dragon {Will+ Slay+3 SInv} for
                  | 367 gold pieces
   762 | D        | Found the +0 mask of the Dragon {Will+ Slay+3 SInv}
   793 | D        | Noticed a storm dragon
   802 | D        | Killed a storm dragon
   802 | D        | Received a gift from Trog
   905 | D        | Found Deipt's Armour Boutique.
   905 | D        | Found Cuwet's Antique Weapon Shop.
   905 | D        | Found Ugrialli's Magic Scroll Emporium.
   905 | D        | Found Nixiruuta's Assorted Antiques.
   905 | D        | Noticed a golden dragon
   917 | D        | Killed a golden dragon
   918 | D        | Reached skill level 20 in Unarmed Combat
   970 | D        | Noticed a storm dragon
   971 | D        | Noticed a golden dragon
   972 | D        | Noticed a cacodemon
   972 | D        | Noticed a deep elf high priest
   985 | D        | Killed a storm dragon
   986 | D        | Reached skill level 21 in Unarmed Combat
   987 | D        | Killed a deep elf high priest
   989 | D        | Noticed a frost giant
   989 | D        | Noticed a bone dragon
   993 | D        | Killed a golden dragon
   998 | D        | Killed a bone dragon
   999 | D        | Reached skill level 22 in Unarmed Combat
   999 | D        | Reached XP level 12. HP: 23/132 MP: 11/11
  1001 | D        | Killed a cacodemon
  1002 | D        | Reached skill level 5 in Armour
  1026 | D        | Killed a frost giant
  1118 | D        | Found a glowing golden altar of the Shining One.
  1118 | D        | Found an ornate altar of the Wu Jian Council.
  1118 | D        | Found a stormy altar of Qazlal.
  1119 | D        | Found a shimmering altar of Xom.
  1119 | D        | Found a sacrificial altar of Ru.
  1119 | D        | Found a hazy altar of Hepliaklqana.
  1120 | D        | Found a basalt altar of Yredelemnul.
  1120 | D        | Found a shimmering blue altar of Sif Muna.
  1120 | D        | Found a viscous altar of Jiyva.
  1253 | D        | Gained mutation: You sometimes lose your temper in combat.
                  | [mutagenic glow]
  1269 | D        | Noticed an orc warlord
  1272 | D        | Noticed the 27-headed Lernaean hydra
  1275 | D        | Gained mutation: You are dopey. (Int -2) [mutagenic glow]
  1286 | D        | Gained mutation: You are frail. (-10% HP) [mutagenic glow]
  1361 | D        | Reached skill level 23 in Unarmed Combat
  1404 | D        | Identified the +4 lajatang of Obsession {heavy, Dex+2}
                  | (Trog gifted it to you in the Dungeon)
  1404 | D        | Received a gift from Trog
  1413 | D        | Slain by a wyvern

Illustrated notes

Levels and vault maps discovered:
D:        the_violet_keep_of_menkaure [sprint2_stairs_cluster_1,
          sprint2_shoproom, sprint2_temple, sprint2_basic_supplies,
          sprint2_obstacle_4, sprint2_obstacle_3, sprint2_obstacle_6,
          sprint2_obstacle_5, sprint2_obstacle_7, sprint2_timed_cluster_1,
          sprint2_smallroom_cluster_1, sprint2_smallroom_final_cluster_1,
          sprint2_transparent_cluster_1, sprint2_second_timed_cluster_1,
          sprint2_sniper_area_1, sprint2_heavy_combat_area_1,
          sprint2_mutation_trap_area_1, sprint2_forest_area_1,
          sprint2_light_combat_area_1, sprint2_behind_water_1,
          sprint2_near_end_vault_1]

Skill      XL: |  1  2  3  4  5  6  7  8  9 10 11 12 |
---------------+-------------------------------------+-----
Fighting       | 7 8 9 10 11 12 | 12.5
Dodging        | 6 7 8 10 11 12 13 | 13.6
Unarmed Combat | 8 9 10 13 15 18 22 23 | 23.2
Stealth        | 1 |  1.6
Armour         | 4 6 |  6.4

Action                     |  1- 3 |  4- 6 |  7- 9 | 10-12 || total
---------------------------+-------+-------+-------+-------++-------
  Melee: Unarmed           |     7 |     9 |    59 |   102 ||   177
         Punch             |       |       |     5 |    12 ||    17
 Invoke: Berserk           |       |       |     1 |     3 ||     4
         Brothers in Arms  |       |       |       |     3 ||     3
         Trog's Hand       |       |       |       |     1 ||     1
    Use: Potion            |       |       |     1 |     3 ||     4
         Scroll            |       |       |       |     1 ||     1
   Stab: Distracted        |       |       |       |     1 ||     1
 Armour: Animal skin       |       |     2 |    10 |     7 ||    19
         Storm dragon scal |       |       |       |     4 ||     4
         Ice dragon scales |       |       |       |     3 ||     3
         Gold dragon scale |       |       |       |     5 ||     5
  Dodge: Dodged            |     2 |       |    35 |    34 ||    71

Table legend: (Time is in decaauts)
 A = Elapsed time spent in this place.
 B = Non-inter-level travel time spent in this place.
 C = Inter-level travel time spent in this place.
 D = Time resting spent in this place.
 E = Time spent auto-exploring this place.
 F = Levels seen in this place.
 G = Mean time per level.
                   A        B        C        D        E       F      G
               +--------+--------+--------+--------+--------+-----+--------+
         Total |   1389 |   1331 |     58 |    594 |     98 |   1 | 1389.0 |
       Dungeon |   1389 |   1331 |     58 |    594 |     98 |   1 | 1389.0 |
               +--------+--------+--------+--------+--------+-----+--------+

Top non-repeatable levels by time:
       D: 1389 daAuts
